[Event "*** SCC Grand Prix: Titled Tuesday Blitz"]
[Site "Chess.com"]
[Date "2020.09.08"]
[Round "8"]
[White "Sofiia_Hryzlova"]
[Black "Zarinur"]
[Result "0-1"]
[WhiteElo "2266"]
[BlackElo "2135"]
[TimeControl "180+1"]
[EndTime "11:36:57 PDT"]
[Termination "Zarinur won by resignation"]

1. c4 e5 2. Nc3 Bb4 3. Nd5 Be7 4. Nf3 d6 5. d4 e4 6. Nd2 f5 7. Nb1 Nf6 8. Nxe7 Qxe7 9. Nc3 Be6 10. Bg5 h6 11. Bd2 O-O 12. e3 Nbd7 13. Be2 d5 14. cxd5 Nxd5 15. Nxd5 Bxd5 16. Qc2 c6 17. h3 Nf6 18. f4 exf3 19. gxf3 f4 20. e4 Nxe4 21. fxe4 Bxe4 22. Qb3+ Bd5 23. Bb4 Qh4+ 24. Kd2 Rfe8 25. Qd3 Re3 26. Qg6 Bxh1 27. Rxh1 Qf2 28. Re1 f3 29. Qg4 Rxe2+ 30. Rxe2 Qxe2+ 31. Kc3 Qe3+ 32. Kc2 f2 33. Qf5 Qe2+ 34. Bd2 f1=Q 35. Qg6 Qff2 36. Kb3 Qxd2 37. Qe6+ Kh8 38. Qc4 Qfe3+ 39. Ka4 Qdd3 40. Qf7 Qdxd4+ 41. b4 Qd1+ 42. Ka5 Qe5+ 43. Qd5 Qexd5+ 0-1

[Event "*** SCC Grand Prix: Titled Tuesday Blitz"]
[Site "Chess.com"]
[Date "2020.09.08"]
[Round "8"]
[White "emiliocordova"]
[Black "Oleksandr_Bortnyk"]
[Result "0-1"]
[WhiteElo "2807"]
[BlackElo "2941"]
[TimeControl "180+1"]
[EndTime "11:36:58 PDT"]
[Termination "Oleksandr_Bortnyk won by resignation"]

1. d4 Nf6 2. Nf3 b6 3. g3 Bb7 4. Bg2 g6 5. O-O Bg7 6. c4 O-O 7. Nc3 Ne4 8. Qc2 Nxc3 9. bxc3 Nc6 10. Rb1 Na5 11. c5 d6 12. Rd1 Qd7 13. c4 Bc6 14. Rb4 bxc5 15. dxc5 Rab8 16. Qd2 Nb7 17. Ba3 Rbc8 18.
Rxb7 Bxb7 19. Ne5 Bxe5 20. Bxb7 Rb8 21. c6 Qg4 22. Qd3 a5 23. Rb1 h5 24. Kg2 Qd4 25.
Rb5 Qxd3 26. exd3 Bc3 27. Bc1 Rbe8 28. Bh6 Rd8 29. Bxf8 Kxf8 30. Kf3 e5 31. Ke4 Bd4 32.
Rxa5 Bxf2 33. c5 Bxc5 34. Kd5 Bd4 35. Rb5 Ke7 36. a4 f5 37. a5 Bg1 38. Rb1 Bd4 39. a6 Ba7 40. Rf1 Rf8 41. h3 g5 42.
Ra1 Bd4 43. Ra4 Ba7 44. d4 exd4 45. Rxd4 Bxd4 46. Kxd4 f4 47. gxf4 Rxf4+ 48. Kc3 Ra4 49. Kb3 Ra5 50. Kb4 Ra1 51. Bc8 g4 52. hxg4 hxg4 0-1

[Event "*** SCC Grand Prix: Titled Tuesday Blitz"]
[Site "Chess.com"]
[Date "2020.09.08"]
[Round "8"]
[White "MF1966Idrisov"]
[Black "KonstantinB_1983"]
[Result "0-1"]
[WhiteElo "2396"]
[BlackElo "2527"]
[TimeControl "180+1"]
[EndTime "11:36:58 PDT"]
[Termination "KonstantinB_1983 won by resignation"]

1. Nf3 Nf6 2. b3 d6 3. d4 g6 4. Bb2 Bg7 5. g3 c5 6. Bg2 cxd4 7. Nxd4 O-O 8. O-O a6 9. c4 Qc7 10. Nc3 Nc6 11. Rc1 Nxd4 12. Qxd4 Be6 13. Nd5 Bxd5 14. Bxd5 Nh5 15. Qd2 Bxb2 16. Qxb2 Nf6 17. Bf3 Rac8 18.
h4 b6 19. h5 Qc5 20. hxg6 hxg6 21. Kg2 a5 22. Qd2 Kg7 23. Rh1 Rh8 24. Qd3 Qe5 25. Qd2 g5 26. g4 Nd7 27. Rxh8 Rxh8 28. Rh1 Rxh1 29. Kxh1 Nc5 30. Kg2 Ne6 31. e3 f5 32.
Qe2 Nc5 33. gxf5 Qxf5 34. Bg4 Qe4+ 35. Kg3 Qe5+ 36. Kg2 Ne4 37. Qf3 Nf6 38. Bh3 Qe4 39. Bf5 Qe5 40. e4 e6 41. Bg4 Nxe4 42. Qe3 Nc5 43. Qxe5+ dxe5 44. Be2 e4 45. Kg3 Kf6 46. Kg4 Ke5 47. Kxg5 Kd4 48. Kf6 Kc3 49. Bg4 Kb2 50.
Bxe6 Kxa2 51. Ke5 Kxb3 52. Bf5 a4 53. Bxe4 a3 54. Bb1 Kb2 0-1

[Event "*** SCC Grand Prix: Titled Tuesday Blitz"]
[Site "Chess.com"]
[Date "2020.09.08"]
[Round "8"]
[White "MFBerna"]
[Black "StellarChessPro"]
[Result "1-0"]
[WhiteElo "2458"]
[BlackElo "2273"]
[TimeControl "180+1"]
[EndTime "11:36:58 PDT"]
[Termination "MFBerna won by checkmate"]

1. c4 b6 2. Nf3 Bb7 3. b3 g6 4. Bb2 Nf6 5. e3 Bg7 6. Be2 O-O 7. O-O d6 8. d4 Nbd7 9. Nbd2 Re8 10. Rc1 e5 11.
dxe5 Nxe5 12. Nxe5 dxe5 13. c5 Bd5 14. Bc4 Bxc4 15.
Nxc4 e4 16. Qe2 Qe7 17. Ba3 Qe6 18. Rfd1 h5 19. h3 Red8 20. Rxd8+ Rxd8 21. Rd1 Rd5 22. cxb6 axb6 23. Bb2 Qd7 24. Rxd5 Qxd5 25. Qd2 Qc6 26.
Qd8+ Kh7 27. Ne5 Qc2 28. Bd4 Qd1+ 29. Kh2 c5 30. Nxf7 cxd4 31. Ng5+ Kh6 32. Nf7+ Kh7 33.
exd4 Qd2 34. d5 h4 35. Qxb6 Qf4+ 36. Kg1 Nh5 37. Qe6 e3 38. fxe3 Qg3 39. d6 Qe1+ 40.
Kh2 Qg3+ 41. Kg1 Qe1+ 42. Kh2 Ng3 43. Ng5+ Kh6 44. Nf7+ Kh5 45. Qg4# 1-0

[Event "*** SCC Grand Prix: Titled Tuesday Blitz"]
[Site "Chess.com"]
[Date "2020.09.08"]
[Round "8"]
[White "GelmanAlexander"]
[Black "maxip32"]
[Result "1-0"]
[WhiteElo "2512"]
[BlackElo "2381"]
[TimeControl "180+1"]
[EndTime "11:36:59 PDT"]
[Termination "GelmanAlexander won by resignation"]

1. d4 Nf6 2. Nc3 g6 3. e4 d6 4. f4 Bg7 5. Nf3 c5 6. Bb5+ Bd7 7. e5 Ng8 8. dxc5 Bxb5 9. Nxb5 Qa5+ 10. Nc3 Qxc5 11.
Qe2 Nh6 12. Be3 Qb4 13. O-O-O O-O 14. Nd5 Qa5 15. Nxe7+ Kh8 16. Kb1 dxe5 17. fxe5 Ng4 18. Bd4 Nc6 19. Nxc6 bxc6 20. e6 f6 21. h3 Nh6 22.
Bc3 Qc5 23. Rhe1 Rfe8 24. g4 Rab8 25. Ka1 Ng8 26. a3 Ne7 27. Rd7 Nd5 28. Bd4 Qa5 29.
g5 Nf4 30. Qh2 Nxe6 31. gxf6 Nxd4 32. fxg7+ Kg8 33. Rxe8+ Rxe8 34. Nxd4 Qe1+ 35. Ka2 c5 36. Nb3 Qe6 37. Qd6 Qxd6 38. Rxd6 c4 39. Nd4 Kxg7 40.
Rd7+ Kh6 41. Rxa7 Re3 42. a4 Rxh3 43. a5 c3 44. b3 Rh4 45. Nb5 Rb4 46. Nxc3 g5 47.
Ra6+ Kh5 48. Rb6 Rd4 49. a6 g4 50. a7 1-0

[Event "*** SCC Grand Prix: Titled Tuesday Blitz"]
[Site "Chess.com"]
[Date "2020.09.08"]
[Round "8"]
[White "Colombiano07"]
[Black "zmeeed67"]
[Result "1-0"]
[WhiteElo "2330"]
[BlackElo "2420"]
[TimeControl "180+1"]
[EndTime "11:36:59 PDT"]
[Termination "Colombiano07 won on time"]

1. d4 Nc6 2. Bf4 d5 3. e3 h5 4. h3 g6 5. c4 e6 6. Nc3 Bd6 7. Bxd6 Qxd6 8. cxd5 exd5 9. Qb3 Nce7 10. Nb5 Qb6 11.
Rc1 c6 12. Nd6+ Kf8 13. Qxb6 axb6 14. Nxc8 Nxc8 15. a3 Nd6 16. Bd3 b5 17. Nf3 Nc4 18.
Bxc4 bxc4 19. Kd2 Nf6 20. Ne5 Ke7 21. f3 Rhd8 22. Rhe1 Nd7 23. Nxd7 Kxd7 24. Kc3 Re8 25. e4 Re6 26. e5 Ra6 27. g4 Rb6 28. Rf1 Rb3+ 29.
Kc2 f6 30. f4 Rxh3 31. f5 gxf5 32. gxf5 Re8 33. Rce1 Rd3 34. Rf4 b5 35. Rh4 c5 36. e6+ Kd6 37. dxc5+ Kxc5 38. Rxh5 b4 39. axb4+ Kxb4 40. Rh6 Rf3 41. Rxf6 Rf2+ 42. Kc1 d4 43. e7 Ra8 44. Kb1 c3 45. bxc3+ dxc3 46. Rb6+ Kc5 47. Rb7 Kc6 48. Rb3 Kd7 49. Rb7+ Kc6 50. Ra7 Rxa7 51.
e8=Q+ Kb7 52. Qd7+ Ka6 53. Qc6+ Ka5 54. Qc5+ Ka4 55.
Qxf2 Rb7+ 56. Kc1 1-0

[Event "*** SCC Grand Prix: Titled Tuesday Blitz"]
[Site "Chess.com"]
[Date "2020.09.08"]
[Round "8"]
[White "nau64"]
[Black "IANOV0007"]
[Result "1/2-1/2"]
[WhiteElo "2309"]
[BlackElo "2418"]
[TimeControl "180+1"]
[EndTime "11:36:59 PDT"]
[Termination "Game drawn - insufficient material"]

1. d4 d6 2. c4 g6 3. Nc3 Bg7 4. Nf3 Bg4 5. h3 Bxf3 6. exf3 e6 7. Be3 Ne7 8. Qd2 Nf5 9. f4 d5 10. cxd5 exd5 11. Be2 c6 12. O-O O-O 13. g4 Nxe3 14. fxe3 Nd7 15. Bd3 Qh4 16. Kg2 Rae8 17. Rae1 Re7 18.
Qf2 Qxf2+ 19. Kxf2 Rfe8 20. Re2 Bf6 21. g5 Bg7 22. Rfe1 b5 23. Kf3 Nb6 24. b3 a5 25.
Nd1 a4 26. Rc2 axb3 27. axb3 Re6 28. f5 Rd6 29. Ree2 gxf5 30. Bxf5 f6 31. h4 fxg5 32. hxg5 Nc8 33. Bxc8 Rxc8 34. Rh2 Rf8+ 35. Ke2 Re6 36.
Nf2 Bxd4 37. Rh3 Rf5 38. Rg3 Bg7 39. Nd3 d4 40. Nc5 Rxe3+ 41. Rxe3 dxe3 42. Kxe3 Rxg5 43. Ne4 Rg6 44. Kf4 h5 45. Rh2 Bh6+ 46. Kf5 Kg7 47. Rxh5 Be3 48. Rh3 Bd4 49. Rd3 c5 50. b4 Rc6 51.
bxc5 Bxc5 52. Rc3 b4 53. Rxc5 Rxc5+ 54. Nxc5 b3 55. Nxb3 1/2-1/2

[Event "*** SCC Grand Prix: Titled Tuesday Blitz"]
[Site "Chess.com"]
[Date "2020.09.08"]
[Round "8"]
[White "Nayemhaque22"]
[Black "Snowflake"]
[Result "0-1"]
[WhiteElo "2338"]
[BlackElo "2475"]
[TimeControl "180+1"]
[EndTime "11:37:00 PDT"]
[Termination "Snowflake won by checkmate"]

1. d4 Nf6 2. Nf3 g6 3. g3 Bg7 4. Bg2 O-O 5. O-O d6 6. Re1 Nbd7 7. e4 e5 8. c3 Re8 9. Nbd2 b6 10. h3 Bb7 11. d5 Qe7 12. c4 c6 13. b4 a5 14.
Ba3 axb4 15. Bxb4 c5 16. Bc3 Ra3 17. Bb2 Ra7 18. a4 Rea8 19. Qb3 Ne8 20. Ra3 Nc7 21.
Rea1 Qd8 22. Bc3 Qc8 23. h4 Ba6 24. Bh3 Rb8 25. Qa2 Qd8 26. Kg2 Bh6 27. Rb3 Rab7 28. Rab1 Kg7 29. a5 b5 30. cxb5 Nxb5 31. Ba1 Nf6 32.
Nxe5 dxe5 33. Bxe5 Nd4 34. Bxb8 Nxb3 35. Rxb3 Qxb8 36.
Rxb7 Qxb7 37. e5 Qxd5+ 38. Qxd5 Nxd5 39. Ne4 c4 40. Nc5 Bb5 41. a6 c3 42. a7 Nc7 43.
Kf3 c2 44. Nb3 Bc4 45. Nc1 Bxc1 46. a8=Q Nxa8 47. Bf5 gxf5 48. Kg2 Bh6 49. f4 c1=Q 50. Kh3 Qd1 51. Kh2 Qg4 52. Kg2 Bxf4 53. Kh1 Qxg3 54. e6 Qh2# 0-1

[Event "*** SCC Grand Prix: Titled Tuesday Blitz"]
[Site "Chess.com"]
[Date "2020.09.08"]
[Round "8"]
[White "Alexander_Moskalenko"]
[Black "ChessWarrior7197"]
[Result "0-1"]
[WhiteElo "2807"]
[BlackElo "2954"]
[TimeControl "180+1"]
[EndTime "11:37:01 PDT"]
[Termination "ChessWarrior7197 won by resignation"]

1. d4 d5 2. c4 e6 3. Nf3 c5 4. e3 Nf6 5. Nc3 a6 6. a3 dxc4 7. Bxc4 b5 8. Ba2 Bb7 9. O-O Nbd7 10. Re1 Be7 11. d5 exd5 12. Nxd5 O-O 13. e4 Nxd5 14. exd5 c4 15. Bb1 Nf6 16. Bg5 h6 17. Bxh6 gxh6 18. Qd2 Kg7 19. Nd4 Bc8 20. Nc6 Qxd5 21. Qxd5 Nxd5 22. Nxe7 Nxe7 23. Rxe7 Rd8 24. Be4 Rb8 25. f4 Rb6 26. Rf1 Re6 27. Rxe6 Bxe6 28. g3 Kf6 29.
Kg2 a5 30. Rf2 b4 31. axb4 axb4 32. Kf3 Rd1 33. Ke3 Bf5 34. Bf3 Rd3+ 35. Ke2 c3 36. bxc3 bxc3 37. Rf1 Rd2+ 38. Ke3 Rxh2 39. g4 Be6 40.
Kd3 c2 41. Kc3 c1=Q+ 42. Rxc1 Rh3 43. g5+ hxg5 44. fxg5+ Kxg5 45. Rg1+ Kf4 46. Kd4 Rxf3 47. Rg8 Rf2 48. Rg2 Rxg2 0-1

[Event "*** SCC Grand Prix: Titled Tuesday Blitz"]
[Site "Chess.com"]
[Date "2020.09.08"]
[Round "8"]
[White "MikaelyanArman"]
[Black "GasconJR"]
[Result "0-1"]
[WhiteElo "2741"]
[BlackElo "2599"]
[TimeControl "180+1"]
[EndTime "11:37:03 PDT"]
[Termination "GasconJR won on time"]

1. d4 f5 2. Nf3 Nf6 3. g3 e6 4.
Bg2 d5 5. O-O Bd6 6. c4 O-O 7.
Nc3 c6 8. Bf4 Bxf4 9. gxf4 dxc4 10. Ne5 Nd5 11. e3 b5 12. a4 b4 13. Nxd5 exd5 14. Kh1 a5 15. Rg1 Ra7 16. Qh5 g6 17. Bf3 Rg7 18. Qh6 Qd6 19. Rg3 Nd7 20. Rag1 Nxe5 21.
fxe5 Qe7 22. h4 f4 23. exf4 Qf7 24. h5 Qxf4 25. Qxf4 Rxf4 26. hxg6 hxg6 27. Re1 Be6 28. Rd1 Bf5 29. Kg2 c3 30. bxc3 bxc3 31. Be2 c2 32. Rc1 Rb7 33. Rc3 Rxd4 34. Rxc6 Rd2 35. Bb5 d4 36. e6 d3 37. Rc8+ Kg7 38. Bd7 Rd1 39. e7 Bxd7 40. Rd8 Rxc1 41. Rxd7 Rxd7 42.
e8=Q Rg1+ 43. Kf3 Rf7+ 44. Ke4 Re1+ 0-1

[Event "*** SCC Grand Prix: Titled Tuesday Blitz"]
[Site "Chess.com"]
[Date "2020.09.08"]
[Round "8"]
[White "juli2512"]
[Black "Godzillator"]
[Result "0-1"]
[WhiteElo "2050"]
[BlackElo "2255"]
[TimeControl "180+1"]
[EndTime "11:37:03 PDT"]
[Termination "Godzillator won by resignation"]

1. e4 c6 2. d3 d5 3. e5 Be6 4.
f4 g6 5. Nf3 Bg7 6. g3 Qc8 7.
Bg2 Bh3 8. Qe2 Bxg2 9. Qxg2 e6 10. O-O Ne7 11. a4 Nd7 12. Nbd2 h5 13. h3 Nf5 14. Re1 c5 15. Nf1 c4 16. d4 Qc6 17.
Bd2 b5 18. a5 Nb8 19. g4 hxg4 20. hxg4 Nh4 21. Nxh4 Rxh4 22. Qg3 Rh7 23. Ne3 Na6 24. f5 O-O-O 25. f6 Bf8 26. c3 b4 27. Kg2 Nc7 28.
Rh1 Rxh1 29. Rxh1 Nb5 30. Qf4 bxc3 31. bxc3 Ba3 32. Rb1 a6 33. Qh6 Qe8 34. Qg7 Qg8 35. g5 Qxg7 36. fxg7 Rg8 37. Ng4 Rxg7 38. Nh6 Be7 39. Kg3 Kd7 40. Kg4 Ke8 41. Rb2 Rh7 42. Rb1 Bf8 43. Rh1 Bxh6 44. gxh6 Kf8 45. Kg5 Nc7 46.
Rb1 Nb5 47. Rb4 Ke7 48. Bf4 Rh8 49. Bd2 Rc8 50. Rb1 Kf8 51. Kf6 Nc7 52. Rb6 Ne8+ 53. Kg5 Ra8 54. h7 Kg7 55. Kg4 Kxh7 56. Bc1 Kg7 57.
Bg5 Ra7 58. Bd8 Nc7 59. Bg5 Nb5 60. Bf6+ Kh7 61. Rb8 g5 62. Kxg5 Ra8 63. Rh8+ Rxh8 64. Bxh8 Kxh8 65. Kf6 Kg8 66. Ke7 Nxc3 67. Kd7 Ne2 68.
Kc7 c3 69. Kb6 c2 70. Kxa6 c1=Q 71. Kb7 0-1

[Event "*** SCC Grand Prix: Titled Tuesday Blitz"]
[Site "Chess.com"]
[Date "2020.09.08"]
[Round "8"]
[White "suyu28"]
[Black "Keures"]
[Result "1-0"]
[WhiteElo "2561"]
[BlackElo "2369"]
[TimeControl "180+1"]
[EndTime "11:37:05 PDT"]
[Termination "suyu28 won by resignation"]

1. g3 Nf6 2. Bg2 e6 3. c4 d5 4. d4 Be7 5. Nf3 O-O 6. O-O c5 7. cxd5 Nxd5 8. dxc5 Bxc5 9. a3 Nc7 10. b4 Be7 11. Bb2 Bf6 12. Nc3 Qxd1 13. Rfxd1 Nc6 14. Rac1 Rd8 15. Rxd8+ Nxd8 16. e4 Bd7 17. e5 Be7 18. Nd4 Rc8 19. Rd1 Nc6 20. Nf5 exf5 21. Rxd7 Kf8 22.
Nd5 Nxd5 23. Bxd5 Rd8 24. Bxc6 bxc6 25. Rxa7 c5 26. b5 c4 27. Rc7 c3 28. Rxc3 f6 29.
exf6 Bxf6 30. Rc2 Be7 31. a4 Rd1+ 32. Kg2 Rd3 33. Rc8+ Kf7 34. Rc7 Rb3 35. Bxg7 Ke6 36. Rc6+ Kd5 37. Bh6 Bc5 38. Be3 Bxe3 39. fxe3 Rxe3 40.
Rh6 Re2+ 41. Kf3 Ra2 42. Ra6 Ke5 43. b6 Ra3+ 44. Kg2 f4 45. gxf4+ Kxf4 46. b7 Ra2+ 47.
Kf1 Kf3 48. Rf6+ Ke3 49. b8=Q 1-0

[Event "*** SCC Grand Prix: Titled Tuesday Blitz"]
[Site "Chess.com"]
[Date "2020.09.08"]
[Round "8"]
[White "ferdipy"]
[Black "LuckSlayeer"]
[Result "1-0"]
[WhiteElo "2353"]
[BlackElo "2456"]
[TimeControl "180+1"]
[EndTime "11:37:05 PDT"]
[Termination "ferdipy won by checkmate"]

1. e4 c5 2. d4 cxd4 3. c3 Nf6 4. e5 Nd5 5. cxd4 e6 6. Nf3 d6 7.
a3 Bd7 8. Bd3 Bc6 9. O-O Nd7 10. Qe2 Be7 11. Bd2 a5 12. Nc3 Nxc3 13. Bxc3 O-O 14. Rac1 dxe5 15. dxe5 Nc5 16. Bb1 Qb6 17.
Rfd1 Nb3 18. Rc2 Rfd8 19. Rxd8+ Rxd8 20. Be1 Bb5 21. Qe3 Qxe3 22. fxe3 g6 23. Rc7 Bc5 24. Nd4 Bxd4 25. exd4 Rxd4 26. Rxb7 Rd1 27. Kf2 Rxb1 28. Rxb5 Nc1 29. Bxa5 Nd3+ 30. Ke3 Rxb2 31. Rxb2 Nxb2 32.
Bb4 Nc4+ 33. Kd4 Nb6 34. Kc5 Na4+ 35. Kb5 Nb2 36. a4 Nxa4 37. Kxa4 Kg7 38. Be7 h6 39. Kb5 g5 40. g4 Kg6 41. h3 h5 42. Kc4 h4 43.
Kc5 Kh6 44. Kc6 Kg6 45. Kd7 Kg7 46. Ke8 Kg6 47. Kf8 Kh6 48. Kxf7 Kh7 49. Bxg5 Kh8 50.
Bxh4 Kh7 51. g5 Kh8 52. Bf2 Kh7 53. Bc5 Kh8 54. Bf8 Kh7 55. g6+ Kh8 56. Bg7# 1-0

[Event "*** SCC Grand Prix: Titled Tuesday Blitz"]
[Site "Chess.com"]
[Date "2020.09.08"]
[Round "8"]
[White "Olga_Girya"]
[Black "MariaFominykh"]
[Result "1-0"]
[WhiteElo "2492"]
[BlackElo "2350"]
[TimeControl "180+1"]
[EndTime "11:37:06 PDT"]
[Termination "Olga_Girya won on time"]

1. d4 d6 2. Nf3 Nf6 3. c4 Nbd7 4.
Nc3 e5 5. e4 g6 6. Be2 Bg7 7.
O-O O-O 8. Be3 Ng4 9. Bg5 f6 10.
Bh4 g5 11. Bg3 Nh6 12. Qd2 Nf7 13. Rad1 h5 14. h3 Bh6 15. Qc2 Nh8 16. c5 dxc5 17. dxe5 g4 18. hxg4 hxg4 19. e6 gxf3 20. Bxf3 Qe8 21. exd7 Bxd7 22. Nd5 c6 23. Nc7 Qf7 24.
Nxa8 Rxa8 25. e5 f5 26. Rd6 Be6 27. Rfd1 Bf8 28. Rd8 Rxd8 29. Rxd8 Ng6 30. Qd2 f4 31. Bh2 Kg7 32. Be4 Be7 33. Rb8 Bg5 34. Qd6 Be7 35. Bxg6 Kxg6 36. Qd3+ Bf5 37. Qf3 Qd5 38. Qxd5 cxd5 39.
Rxb7 Bg5 40. Rxa7 d4 41. Kf1 Bd3+ 42. Ke1 Bc4 43. b3 Bd5 44. f3 d3 45. Rc7 1-0

[Event "*** SCC Grand Prix: Titled Tuesday Blitz"]
[Site "Chess.com"]
[Date "2020.09.08"]
[Round "8"]
[White "HouseOfDurin"]
[Black "Chessmatus"]
[Result "0-1"]
[WhiteElo "2136"]
[BlackElo "2386"]
[TimeControl "180+1"]
[EndTime "11:37:08 PDT"]
[Termination "Chessmatus won by checkmate"]

1. d4 Nf6 2. Bg5 Ne4 3. h4 c5 4.
dxc5 Qa5+ 5. Nd2 Nxd2 6. Qxd2 Qxc5 7. c3 h6 8. Bf4 Nc6 9. e4 d6 10. Be3 Qa5 11. b4 Qc7 12. Rb1 g6 13. b5 Ne5 14.
b6 axb6 15. Bxb6 Qb8 16. f4 Nc6 17. e5 dxe5 18. Bb5 Bd7 19. Nf3 Bg7 20. O-O Qd6 21.
Qe2 O-O 22. Rbd1 Qe6 23. Bc4 Qg4 24. fxe5 Bf5 25. Bc5 Ra4 26. Bb3 Re4 27. Qf2 Nxe5 28. Nxe5 Bxe5 29. Bxe7 Re8 30. Rd8 Rxd8 31. Bxd8 Bf4 32.
Bc2 Be3 33. Bxe4 Bxf2+ 34. Rxf2 Qxe4 35. Bf6 Qb1+ 36. Rf1 Qb6+ 37. Bd4 Qc6 38. g3 f6 39.
Rf2 Kf7 40. a4 Qc4 41. Rb2 Qd5 42. Rb6 Bg4 43. Kf2 Qf3+ 44. Kg1 f5 45. Be5 Qd1+ 46. Kf2 Qe2+ 47. Kg1 Bf3 48. Rxb7+ Bxb7 49. Bd4 Qg2# 0-1

[Event "*** SCC Grand Prix: Titled Tuesday Blitz"]
[Site "Chess.com"]
[Date "2020.09.08"]
[Round "8"]
[White "Wilver92"]
[Black "ErikRonka"]
[Result "0-1"]
[WhiteElo "2381"]
[BlackElo "2251"]
[TimeControl "180+1"]
[EndTime "11:37:08 PDT"]
[Termination "ErikRonka won by checkmate"]

1. e4 e5 2. Bc4 Nf6 3. d3 c6 4. Nf3 Be7 5. Nxe5 Qa5+ 6. Nc3 Qxe5 7. O-O Qc7 8. f4 d6 9. Qe2 Nbd7 10. g4 b5 11. Bb3 Nc5 12. g5 Nfd7 13. Be3 Nxb3 14.
axb3 O-O 15. h4 f5 16. exf5 Rxf5 17. h5 Nf8 18. Rae1 Be6 19. Bd4 Bxg5 20. fxg5 Rxg5+ 21. Kh1 Bg4 22. Qe7 Rxh5+ 23. Kg1 Qxe7 24. Rxe7 Ne6 25. Bxg7 Nxg7 26. Ne4 Ne8 27. Rb7 Bf5 28. Ng3 Rg5 29.
Kh2 Bg6 30. Re1 Re5 31. Rf1 Ng7 32. Rf6 Rd8 33. Ne4 Bxe4 34. dxe4 Rxe4 35. Rff7 Rg4 36.
Rxa7 Rg6 37. Rfc7 d5 38. Ra6 h5 39. Raxc6 Rxc6 40. Rxc6 Kf7 41. Rc5 Ke6 42. Rxb5 Nf5 43. Kh3 Rg8 44. Rb6+ Ke5 45. Ra6 Rg3+ 46. Kh2 Re3 47. Ra8 Re2+ 48. Kh3 Rxc2 49. Re8+ Kf4 50. b4 Rxb2 51. Re1 Rb3+ 52. Kh2 Rxb4 53. Ra1 d4 54.
Kh3 d3 55. Rf1+ Ke4 56. Re1+ Ne3 57. Kg3 d2 58. Rh1 d1=Q 59. Kf2 Rb2+ 60. Kg3 Qg4# 0-1

[Event "*** SCC Grand Prix: Titled Tuesday Blitz"]
[Site "Chess.com"]
[Date "2020.09.08"]
[Round "8"]
[White "Anton_Demchenko"]
[Black "Alexsur1981"]
[Result "1/2-1/2"]
[WhiteElo "2865"]
[BlackElo "2728"]
[TimeControl "180+1"]
[EndTime "11:37:09 PDT"]
[Termination "Game drawn - insufficient material"]

1. d4 d6 2. e4 g6 3. Nc3 Bg7 4. Nf3 a6 5. Be2 Nd7 6. O-O b5 7. a4 b4 8. Nd5 a5 9. c3 e6 10.
Nf4 Bb7 11. cxb4 axb4 12. d5 exd5 13. Nxd5 Ngf6 14. Nxb4 Bxe4 15. Bb5 O-O 16. Re1 c5 17. Nc6 Qc7 18. Ne7+ Kh8 19. Ng5 Bb7 20. Qb3 d5 21.
Qh3 h5 22. Qh4 Rae8 23. Bf4 Qd8 24. Bd6 Nh7 25. Nxf7+ Rxf7 26. Nxg6+ Kg8 27. Rxe8+ Qxe8 28. Ne7+ Rxe7 29. Qxe7 Qxe7 30. Bxe7 Nb8 31. a5 Na6 32. Bxa6 Bxa6 33. Bxc5 Nf6 34. Rd1 Kf7 35. f3 Ke6 36.
Bd4 Bf8 37. Kf2 Nd7 38. h3 h4 39. g3 hxg3+ 40. Kxg3 Nc5 41. Kg4 Nb3 42. Re1+ Kf7 43. Bc3 d4 44. Bxd4 Nxd4 45. f4 Bc8+ 46. Kg3 Nf5+ 47.
Kf3 Bb4 48. Ra1 Ba6 49. Ke4 Nd6+ 50. Kd5 Nb7 51. Kc6 Bxa5 52. Rxa5 Nxa5+ 53. Kb6 Nc4+ 54. Kxa6 Nxb2 55. Kb5 Nd3 56. f5 Nf4 57. Kc4 Nxh3 58. Kd5 Kf6 59. Ke4 Ng5+ 60. Kf4 Ne6+ 61. Kg4 Ke5 62. Kh5 Kxf5 1/2-1/2

[Event "*** SCC Grand Prix: Titled Tuesday Blitz"]
[Site "Chess.com"]
[Date "2020.09.08"]
[Round "8"]
[White "NikolaGry"]
[Black "Nikithebest"]
[Result "1-0"]
[WhiteElo "2601"]
[BlackElo "2439"]
[TimeControl "180+1"]
[EndTime "11:37:10 PDT"]
[Termination "NikolaGry won on time"]

1. e4 c5 2. Be2 Nc6 3. f4 d5 4.
d3 dxe4 5. dxe4 Qxd1+ 6. Bxd1 g6 7. Be3 b6 8. c3 Ba6 9. Na3 O-O-O 10. Ba4 Bb7 11.
Nf3 h6 12. e5 f6 13. Nc4 g5 14.
O-O Bg7 15. Rae1 Kc7 16. Bc1 a6 17. exf6 exf6 18. Bc2 b5 19. Ne3 Nge7 20. h4 gxf4 21. Nf5 Nxf5 22. Bxf5 Kb6 23. Bxf4 Rhe8 24. Bg6 Rxe1 25.
Rxe1 Bc8 26. h5 Bg4 27. Nh4 Ne5 28. Nf5 Bxf5 29. Bxf5 c4 30. Be3+ Kc7 31. Bd4 a5 32. Re3 Re8 33. Rg3 Re7 34. Kh2 Kd6 35. Kh3 b4 36. Be3 Kd5 37. Bf4 Rb7 38. Re3 Kd6 39.
Be4 Rb6 40. Re2 bxc3 41. bxc3 a4 42. Rd2+ Ke7 43. Be3 Rb8 44. Bf5 a3 45. Bc5+ Ke8 46. Rd5 Rb2 47. Bxa3 Rxa2 48. Bb4 Rf2 49. Be6 Re2 50.
Rb5 Kd8 51. Bd6 1-0

[Event "*** SCC Grand Prix: Titled Tuesday Blitz"]
[Site "Chess.com"]
[Date "2020.09.08"]
[Round "8"]
[White "Vuk2000"]
[Black "chessdjw"]
[Result "1-0"]
[WhiteElo "2726"]
[BlackElo "2573"]
[TimeControl "180+1"]
[EndTime "11:37:12 PDT"]
[Termination "Vuk2000 won by checkmate"]

1. d4 Nf6 2. Bg5 d5 3. Bxf6 gxf6 4. e3 c5 5. dxc5 Nc6 6. Nf3 e5 7. c4 d4 8. exd4 e4 9. Nfd2 Qxd4 10. Nc3 Qe5 11.
Be2 f5 12. O-O Be6 13. Nb3 Rd8 14. Qc1 f4 15. Re1 Rg8 16. Bf1 f5 17. Nd2 Bxc5 18. Ndxe4 fxe4 19. Rxe4 Qf5 20. Rxf4 Qg6 21. Nd5 Bd6 22.
Nf6+ Ke7 23. Nxg8+ Rxg8 24. Rh4 Ne5 25. Qe3 Ng4 26. Qxa7 Qf6 27. Rxh7+ Kd8 28. Qb6+ Ke8 29. Qxd6 Qxf2+ 30. Kh1 Qf6 31. Qb8+ Qd8 32. Qxd8+ Kxd8 33. Rd1+ Ke8 34. Re1 Rg6 35. h3 Nf2+ 36. Kg1 Kf8 37.
Kxf2 Bg8 38. Rh4 Rf6+ 39. Kg3 Kg7 40. Rg4+ Kh6 41. Rxg8 Rf7 42. Rg4 b5 43. Re6+ Kh5 44. Bd3 bxc4 45. Bg6+ Kh6 46. Bxf7+ Kh7 47. Re5 c3 48.
Rh5# 1-0

[Event "*** SCC Grand Prix: Titled Tuesday Blitz"]
[Site "Chess.com"]
[Date "2020.09.08"]
[Round "8"]
[White "leejunhyeok"]
[Black "Sergey85Rodchenkov"]
[Result "1-0"]
[WhiteElo "2659"]
[BlackElo "2495"]
[TimeControl "180+1"]
[EndTime "11:37:12 PDT"]
[Termination "leejunhyeok won by resignation"]

1. e4 c5 2. c3 d5 3. exd5 Qxd5 4. d4 Nf6 5. Nf3 Nc6 6. Be3 cxd4 7. cxd4 Bg4 8. Be2 e6 9. Nc3 Bb4 10. O-O Bxc3 11.
bxc3 O-O 12. h3 Bh5 13. Qb3 Na5 14. Qa4 Rac8 15. Rab1 b6 16. Rfc1 Rfd8 17. c4 Qd7 18.
Qxd7 Nxd7 19. c5 h6 20. Ba6 Rc7 21. Bf4 Rc6 22. Bb5 Rcc8 23. c6 Nf6 24. c7 Rf8 25. Ba6 Bxf3 26. gxf3 Nd5 27. Bd6 Rfe8 28. Bxc8 Rxc8 29. Rb5 Nb7 30. Bg3 f6 31. a4 Kf7 32.
Rb2 Ke8 33. Rc6 Kd7 34. Rc1 Na5 35. Re2 Nc6 36. Rc4 Nce7 37. Rec2 Nf5 38. Kg2 g5 39. Re2 h5 40. Bh2 h4 41. Re1 Nfe7 42. Rc2 Nc6 43. Re4 Ncb4 44. Rce2 Re8 45. Rxe6 Rxe6 46. Rxe6 Nxc7 47.
Rxf6 Ncd5 48. Rg6 Nd3 49. Rxg5 Ne1+ 50. Kf1 Nxf3 51. Rxd5+ Kc6 52. Rd6+ Kc7 53. Rf6+ Nxh2+ 54. Kg2 1-0

[Event "*** SCC Grand Prix: Titled Tuesday Blitz"]
[Site "Chess.com"]
[Date "2020.09.08"]
[Round "8"]
[White "CaspiIsrael"]
[Black "bratkoo"]
[Result "0-1"]
[WhiteElo "2632"]
[BlackElo "2503"]
[TimeControl "180+1"]
[EndTime "11:37:12 PDT"]
[Termination "bratkoo won on time"]

1. e4 g6 2. d4 Bg7 3. Nf3 d6 4. Be2 Nf6 5. Nc3 O-O 6. O-O Nbd7 7. e5 Ne8 8. Re1 dxe5 9. dxe5 c6 10. e6 fxe6 11.
Ng5 Nc7 12. Bc4 Nb6 13. Bb3 Qxd1 14. Nxd1 Nbd5 15. c3 h6 16. Ne4 e5 17. Bd2 Kh7 18. f3 b6 19. Ndf2 Bf5 20. Rad1 Rad8 21. Bc1 Nf4 22.
g3 Nfd5 23. Kg2 g5 24. Ba4 c5 25. Bb3 Kg6 26. Bc2 Kh7 27. Bd3 Bg6 28. Ng4 Nf6 29. Nxe5 Bxe4 30. fxe4 Kh8 31. Ng6+ Kg8 32. Bc4+ Kh7 33.
Nxf8+ Rxf8 34. e5 Ng4 35. Rd7 Rf2+ 36. Kg1 Rc2 37. Rxc7 Nxe5 38. Bd5 Bf6 39. Be3 Kg7 40. b4 Rxc3 41. bxc5 Nd3 42. Rd1 Nb2 43. cxb6 Nxd1 44. Rxc3 Nxc3 45. bxa7 Nxd5 46. a8=Q Nxe3 47. Qe4 Nd1 48.
Kg2 Nc3 49. Qc2 Nd5 50. a4 Ne3+ 0-1